 Dungeon Sprint DCSS version 0.30.1-11-g7821555f0a (webtiles) character file.

Game seed: 5555853311821837965

6594 Groucho the Unseen (level 10, -23/57 HPs)
             Began as a Felid Fighter on Dec 11, 2023.
             Was a Follower of Uskayaw.
             Annihilated by a fire giant
             ... wielding a +0 great sword of flaming
              (42 damage)
             ... in the Dungeon (Sprint IX: "|||||||||||||||||||||||||||||").
             The game lasted 00:08:14 (4500 turns).

Groucho the Unseen (Felid Fighter)                  Turns: 4500, Time: 00:08:14

Health: -23/57     AC:  3    Str: 14    XL:     10   Next: 71%
Magic:  18/22      EV: 39    Int:  9    God:    Uskayaw [*.....]
Gold:   838        SH:  0    Dex: 19    Spells: 9/9 levels left
                                        Lives:  0   Deaths: 2

rFire   + .          .
                       - Unarmed
rCold   + + .        (shield unavailable)
rNeg    . . .        (body armour unavailable)
rPois   .            (helmet unavailable)
rElec   .            (cloak unavailable)
rCorr   .            (gloves unavailable)
SInv    +            (boots unavailable)
Will    +....        (no amulet)
Stlth   ++++++++     s - +5 ring of evasion
HPRegen 0.29/turn    h - ring "Juddics" {Fly rF+ rC+ Slay+2}
MPRegen 0.18/turn

%: no teleportation
@: flying, quick
A: very small, claws 1, fangs 3, see invisible, speed 1, shaggy fur 3, stealthy
paws, no weapons or thrown items, no armour, multi-lived
a: Renounce Religion, Stomp


You were in the Dungeon.
You worshipped Uskayaw.
Uskayaw was pleased with you.
You visited 1 branch You collected 1917 gold pieces.
You spent 1079 gold pieces at shops.

Inventory:

Jewellery
 h - the ring "Juddics" (right paw) {Fly rF+ rC+ Slay+2}
   (You found it in the Dungeon)

   [ring of flight]

   Slay:      It affects your accuracy & damage with ranged weapons and melee
   (+2).
   rF:        It protects you from fire.
   rC:        It protects you from cold.
   Fly:       It grants you flight.
 k - a ring of protection from fire
 r - a ring of magical power
 s - a +5 ring of evasion (left paw)
 t - a ring of willpower
Wands
 j - a wand of iceblast (10)
Scrolls
 g - 4 scrolls of blinking
 i - 2 scrolls of amnesia
 l - 5 scrolls of identify
Potions
 a - 3 potions of might
 b - 8 potions of curing
 c - 2 potions of heal wounds
 d - a potion of brilliance
 e - 4 potions of magic
 f - 3 potions of berserk rage
 m - 2 potions of haste
 n - 4 potions of mutation
 o - 2 potions of resistance
 p - a potion of degeneration
 q - a potion of flight


   Skills:
 + Level 15.3 Fighting
 + Level 19.5 Dodging
 + Level 20.6 Stealth
 + Level 15.6 Unarmed Combat
 + Level 15.0 Invocations


You had 9 spell levels left.
You didn't know any spells.
Your spell library was empty.

Dungeon Overview and Level Annotations

Branches:
Dungeon (1/1)

Altars:
Cheibriados
Dithmenos
Elyvilon
Fedhas
Gozag
Hepliaklqana
Kikubaaqudgha
Makhleb
Nemelex Xobeh
Okawaru
Qazlal
Ru
Sif Muna
Trog
Uskayaw
Vehumet
Wu Jian
Xom
Yredelemnul
Zin
The Shining One
Jiyva
Lugonu

Shops:
D (=*


Innate Abilities, Weirdness & Mutations

You have sharp claws.
You have razor-sharp teeth.
You have supernaturally acute eyesight. (SInv)
You cover ground quickly. (Speed+)
Your thick and shaggy fur keeps you warm. (AC +3, rC+)
Your paws help you pounce on unaware monsters.
You are incapable of wielding weapons or throwing items.
You cannot wear armour.
You gain extra lives every three experience levels.


Message History

Ouch! That really hurt!
* * * LOW HITPOINT WARNING * * *
The fire giant burns you.
* * * LOW HITPOINT WARNING * * *
You feel much better. The fire giant closely misses you.
You feel much better. The fire giant completely misses you.
Unknown command.
Unknown command.
You scratch the fire giant.
You claw the fire giant, but do no damage.
The fire giant is moderately wounded.
The fire giant completely misses you.
Unknown command.
You claw the fire giant!
The fire giant is moderately wounded.
The fire giant completely misses you.
You can now pass through a line of other dancers.
Unknown command.
Unknown command.
Aiming: Line Pass
Press: ? - help, Dir - move target The fire giant appears confused.
You can no longer pass through a line of other dancers.
The fire giant hits you with a +0 great sword of flaming!!
The fire giant burns you.
Unknown command.
Unknown command.
You scratch the fire giant but do no damage.
You bite the fire giant.
The fire giant is moderately wounded.
You scratch the fire giant but do no damage.
The fire giant is moderately wounded.
Unknown command.
You pounce on the helpless fire giant from behind!
You eviscerate the fire giant!!!
The fire giant is almost dead.
The fire giant seems less confused.
The fire giant hits you with a +0 great sword of flaming!!!
Ouch! That really hurt!
You die...

▓▓▓▓▓▓▓▓▓▓▓▓▓▓▓▓▓▓▓▓▓▓▓▓▓▓▓▓▓▓▓▓▓
).)))))()).[[[[C@[[..........'†.u
▓▓▓▓▓▓▓▓▓▓▓▓▓▓▓▓▓▓▓▓▓▓▓▓▓▓▓▓▓▓▓▓▓
...................).............
▓▓▓▓▓▓▓▓▓▓▓▓▓▓▓▓▓▓▓▓▓▓▓▓▓▓▓▓▓▓▓▓▓
'))).))))))))[')......).).)'))...
▓▓▓▓▓▓▓▓▓▓▓▓▓▓▓▓▓▓▓▓▓▓▓▓▓▓▓▓▓▓▓▓▓
...........................)[.)..
▓▓▓▓▓▓▓▓▓▓▓▓▓▓▓▓▓▓▓▓▓▓▓▓▓▓▓▓▓▓▓▓▓
)=.??.??'.........'.........'....


You could see a fire giant.

Vanquished Creatures
  Gastronok (D)
  Josephine (D)
  Harold (D)
  3 centaur warriors (D)
  A catoblepas (D)
  A deep troll shaman (D)
  5 death yaks (D)
  6 orc high priests (D)
  A skyshark (D)
  A deep elf pyromancer (D)
  2 orc knights (D)
  3 cyclopes (D)
  An ugly thing (D)
  Joseph (D)
  A black mamba (D)
  6 cane toads (D)
  Psyche (D)
  2 komodo dragons (D)
  A blink frog (D)
  A shadow (D)
  4 wraiths (D)
  7 yaks (D)
  A vampire (D)
  A basilisk (D)
  An acid dragon (D)
  2 water moccasins (D)
  A black bear (shapeshifter) (D)
  11 orc warriors (D)
  A centaur (D)
  A scorpion (D)
  A killer bee (D)
  A howler monkey (D)
  11 orc priests (D)
  An iguana (D)
  9 orc wizards (D)
  An adder (D)
  3 orcs (D)
  A giant cockroach (D)
  A goblin (D)
  A frilled lizard (D)
  2 rats (D)
102 creatures vanquished.

Vanquished Creatures (others)
  A steam dragon (D)
1 creature vanquished.

Grand Total: 103 creatures vanquished

Notes
Turn   | Place    | Note
-------+----------+-------------------------------------------
     0 | D        | Groucho the Felid Fighter began the quest for the Orb.
     0 | D        | Reached XP level 1. HP: 10/10 MP: 2/2
     8 | D        | Reached skill level 1 in Stealth
    12 | D        | Reached skill level 1 in Invocations
    19 | D        | Noticed a scorpion
    19 | D        | Noticed an iguana
    19 | D        | Noticed an orc wizard
    22 | D        | Killed a scorpion
    23 | D        | Reached skill level 5 in Dodging
    23 | D        | Reached skill level 4 in Stealth
    23 | D        | Reached skill level 5 in Unarmed Combat
    23 | D        | Reached XP level 2. HP: 15/15 MP: 2/5
    23 | D        | Reached XP level 3. HP: 18/18 MP: 2/6
    26 | D        | Reached skill level 5 in Stealth
    26 | D        | Reached XP level 4. HP: 19/22 MP: 2/7
    38 | D        | Reached skill level 5 in Fighting
    43 | D        | Found a snail-covered altar of Cheibriados.
    43 | D        | Found a shadowy altar of Dithmenos.
    43 | D        | Found a white marble altar of Elyvilon.
    43 | D        | Found a blossoming altar of Fedhas.
    43 | D        | Found an opulent altar of Gozag.
    44 | D        | Found a hazy altar of Hepliaklqana.
    45 | D        | Found a viscous altar of Jiyva.
    46 | D        | Found an ancient bone altar of Kikubaaqudgha.
    47 | D        | Found a corrupted altar of Lugonu.
    48 | D        | Found a burning altar of Makhleb.
    49 | D        | Found a sparkling altar of Nemelex Xobeh.
    50 | D        | Found an iron altar of Okawaru.
    51 | D        | Found a stormy altar of Qazlal.
    52 | D        | Found a sacrificial altar of Ru.
    53 | D        | Found a shimmering blue altar of Sif Muna.
    54 | D        | Found a bloodstained altar of Trog.
    55 | D        | Found a hide-covered altar of Uskayaw.
    56 | D        | Found a radiant altar of Vehumet.
    57 | D        | Found an ornate altar of the Wu Jian Council.
    58 | D        | Found a shimmering altar of Xom.
    59 | D        | Found a basalt altar of Yredelemnul.
    60 | D        | Found a glowing silver altar of Zin.
    61 | D        | Found a glowing golden altar of the Shining One.
    63 | D        | Became a worshipper of Uskayaw the Reveller
    70 | D        | Found the +10 dark maul {heavy}
    90 | D        | Noticed a shadow
    90 | D        | Noticed an orc warrior
    90 | D        | Noticed a steam dragon
    90 | D        | Noticed a centaur
    93 | D        | Reached * piety under Uskayaw
    94 | D        | Reached skill level 6 in Stealth
    94 | D        | Reached XP level 5. HP: 24/27 MP: 9/9
    95 | D        | Reached ** piety under Uskayaw
   100 | D        | Reached *** piety under Uskayaw
   101 | D        | Killed a shadow
   102 | D        | Reached skill level 8 in Stealth
   102 | D        | Reached skill level 5 in Invocations
   102 | D        | Gained mutation: You are covered in thick fur. (AC +2)
                  | [Felid growth]
   102 | D        | Reached XP level 6. HP: 29/31 MP: 9/11
   106 | D        | Killed an orc warrior
   106 | D        | Reached **** piety under Uskayaw
   107 | D        | Reached skill level 9 in Stealth
   107 | D        | Killed a steam dragon
   109 | D        | Reached ***** piety under Uskayaw
   112 | D        | Reached XP level 7. HP: 34/36 MP: 9/12
   113 | D        | Noticed a basilisk
   113 | D        | Noticed a cyclops
   113 | D        | Noticed a centaur warrior
   113 | D        | Noticed a vampire
   118 | D        | Reached skill level 10 in Dodging
   118 | D        | Reached skill level 10 in Stealth
   122 | D        | Killed a basilisk
   122 | D        | Reached ****** piety under Uskayaw
   127 | D        | Killed a cyclops
   134 | D        | Killed a centaur warrior
   135 | D        | Reached skill level 12 in Stealth
   135 | D        | Reached XP level 8. HP: 31/42 MP: 11/15
   705 | D        | Got the ring "Juddics" {Fly rF+ rC+ Slay+2}
   717 | D        | Noticed a komodo dragon
   717 | D        | Noticed a cane toad
   717 | D        | Noticed a cane toad
   717 | D        | Noticed a cane toad
   717 | D        | Noticed a cane toad
   718 | D        | Noticed a cane toad
   719 | D        | Killed a komodo dragon
   720 | D        | Reached skill level 10 in Unarmed Combat
   723 | D        | Killed a cane toad
   724 | D        | Reached skill level 13 in Stealth
   724 | D        | Reached XP level 9. HP: 46/46 MP: 15/17
   728 | D        | Killed a cane toad
   728 | D        | Killed a cane toad
   728 | D        | Killed a cane toad
   728 | D        | Killed a cane toad
   729 | D        | Reached skill level 10 in Fighting
   729 | D        | Reached skill level 14 in Stealth
   729 | D        | Reached skill level 10 in Invocations
   741 | D        | Noticed a skyshark
   741 | D        | Noticed a catoblepas
   741 | D        | Noticed a komodo dragon
   741 | D        | Noticed a cane toad
   744 | D        | Noticed a black mamba
   746 | D        | Killed a komodo dragon
   747 | D        | Reached XP level 10. HP: 46/52 MP: 13/19
   747 | D        | Killed a cane toad
   748 | D        | Reached skill level 15 in Stealth
   751 | D        | Killed a catoblepas
   752 | D        | Killed a skyshark
   753 | D        | Reached skill level 15 in Dodging
   767 | D        | Killed a black mamba
   768 | D        | Reached skill level 16 in Stealth
  1068 | D        | Noticed a death yak
  1068 | D        | Noticed a death yak
  1068 | D        | Noticed a death yak
  1069 | D        | Noticed a death yak
  1071 | D        | Noticed a death yak
  1081 | D        | Killed a death yak
  1086 | D        | Killed a death yak
  1087 | D        | Reached XP level 11. HP: 42/57 MP: 12/21
  1087 | D        | Killed a death yak
  1088 | D        | Reached skill level 17 in Stealth
  1091 | D        | Killed a death yak
  1093 | D        | Killed a death yak
  1687 | D        | Noticed Josephine
  1696 | D        | Noticed Gastronok
  1702 | D        | Noticed Psyche
  1703 | D        | Killed Josephine
  1707 | D        | Killed Psyche
  1709 | D        | Reached skill level 18 in Stealth
  1711 | D        | Killed Gastronok
  2118 | D        | Noticed an orc knight
  2137 | D        | Killed an orc knight
  2458 | D        | Noticed an orc knight
  2469 | D        | Killed an orc knight
  2677 | D        | Found Cuem's Distillery.
  2677 | D        | Noticed an orc high priest
  2677 | D        | Noticed an orc high priest
  2677 | D        | Noticed an orc high priest
  2684 | D        | Killed an orc high priest
  2685 | D        | Reached skill level 19 in Stealth
  2685 | D        | Found Ynie's Weapon Shoppe.
  2685 | D        | Noticed an orc high priest
  2943 | D        | Noticed a soul eater
  2944 | D        | Killed an orc high priest
  2946 | D        | Killed an orc high priest
  2947 | D        | Gained mutation: Your thick and shaggy fur keeps you warm.
                  | (AC +3, rC+) [Felid growth]
  2947 | D        | Reached XP level 12. HP: 41/64 MP: 23/23
  3053 | D        | Killed an orc high priest
  3055 | D        | Noticed an orc high priest
  3075 | D        | Killed an orc high priest
  3078 | D        | Found Sexe's Jewellery Emporium.
  3082 | D        | Found Tuapol's General Store.
  3088 | D        | Noticed an orc high priest
  3099 | D        | Killed an orc high priest
  3151 | D        | Bought a potion of haste for 130 gold pieces
  3151 | D        | Bought a potion of mutation for 104 gold pieces
  3151 | D        | Bought a potion of mutation for 104 gold pieces
  3151 | D        | Bought 2 potions of heal wounds for 130 gold pieces
  3151 | D        | Bought a potion of resistance for 130 gold pieces
  3151 | D        | Bought a potion of mutation for 104 gold pieces
  3151 | D        | Bought a potion of haste for 130 gold pieces
  3151 | D        | Bought a potion of resistance for 130 gold pieces
  3151 | D        | Bought a potion of heal wounds for 65 gold pieces
  3151 | D        | Bought a potion of degeneration for 13 gold pieces
  3151 | D        | Bought a potion of flight for 39 gold pieces
  3284 | D        | Noticed Harold
  3332 | D        | Killed Harold
  3333 | D        | Reached skill level 15 in Unarmed Combat
  3363 | D        | Noticed Joseph
  3376 | D        | Killed Joseph
  3377 | D        | Reached skill level 20 in Stealth
  3710 | D        | Found the +8 frozen axe "Frostbite" {freeze, freezing
                  | cloud, *Noise Fly rC+}
  3750 | D        | Noticed a centaur warrior
  3753 | D        | Noticed a centaur warrior
  3798 | D        | Shot with an arrow by a centaur warrior
  3799 | D        | Reached XP level 11. HP: -6/60 MP: 22/22
  4100 | D        | Killed a centaur warrior
  4238 | D        | Killed a purple ugly thing
  4239 | D        | Reached skill level 15 in Fighting
  4270 | D        | Killed a deep elf pyromancer
  4309 | D        | Killed a centaur warrior
  4351 | D        | Noticed a deep troll shaman
  4357 | D        | Noticed a fire giant
  4362 | D        | Killed a deep troll shaman
  4363 | D        | Reached skill level 15 in Invocations
  4365 | D        | Slain by a fire giant
  4366 | D        | Reached XP level 10. HP: -3/57 MP: 22/22
  4492 | D        | HP: 1/57 [fire giant/+0 great sword of flaming (6)]
  4500 | D        | Annihilated by a fire giant

Illustrated notes

Levels and vault maps discovered:
D:        linesprint [early_d, line_temple, items_1, d_10, items_2, lair_1,
          lair_end, items_3, orc_1, orc_end, items_4, d_15, swamp_1, shoals_1,
          snake_1, spider_1, d_20, vaults_1, items_5, swamp_end, shoals_end,
          snake_end, spider_end, vaults_end, d_27, items_6, zot_1, zot_end,
          crypt_end, forest_end, elf_end, slime_end, tomb_end, abyss_end,
          pan_hell_end]

Skill      XL: |  1  2  3  4  5  6  7  8  9 10 11 12 |
---------------+-------------------------------------+-----
Stealth        | 4 5 6 8 9 12 13 14 16 19 20 | 20.6
Invocations    | 3 4 5 6 8 9 10 12 15 | 15.0
Fighting       | 4 5 6 7 9 11 12 15 | 15.3
Dodging        | 5 6 7 8 9 11 12 14 16 19 | 19.5
Unarmed Combat | 5 6 7 9 10 11 12 14 15 | 15.6

Action                     |  1- 3 |  4- 6 |  7- 9 | 10-12 || total
---------------------------+-------+-------+-------+-------++-------
  Melee: Unarmed           |    14 |    27 |    49 |   207 ||   297
         Punch             |     1 |       |     2 |    24 ||    27
         Bite              |     1 |     2 |     6 |    30 ||    39
 Invoke: Line Pass         |       |       |     2 |    11 ||    13
         Grand Finale      |       |       |     1 |       ||     1
    Use: Potion            |       |     2 |     2 |     6 ||    10
   Stab: Sleeping          |     1 |       |     3 |     8 ||    12
         Invisible         |       |     2 |     5 |       ||     7
         Paralysed         |       |     3 |     1 |    15 ||    19
         Confused          |       |       |     2 |    11 ||    13
         Petrified         |       |       |       |     1 ||     1
 Armour: Skin              |       |       |       |     1 ||     1
  Dodge: Dodged            |     6 |    19 |    35 |   133 ||   193
